 Dungeon Crawl Stone Soup version 0.28-a0-268-g3f656e82c2 (webtiles) character file.

Game seed: 8287493617700026310

94 frimble the Insei (level 4, 0/38 HPs)
             Began as a Gnoll Wanderer on Aug 29, 2021.
             Slain by a black bear (2 damage)
             ... on level 3 of the Dungeon.
             The game lasted 00:02:12 (3372 turns).

frimble the Insei (Gnoll Wanderer)                  Turns: 3372, Time: 00:02:12

Health: 0/38       AC:  3    Str: 10    XL:     4   Next: 63%
Magic:  5/5        EV: 12    Int: 11    God:
Gold:   117        SH:  0    Dex: 20    Spells: 4/5 levels left

rFire   . . .      SeeInvis .     - Unarmed
rCold   + . .      Faith    .   (no shield)
rNeg    . . .      Spirit   .   c - +0 robe
rPois   .          Reflect  .   (no helmet)
rElec   .          Harm     .   (no cloak)
rCorr   .          Rampage  .   (no gloves)
Will    .....                   e - +0 pair of boots
Stlth   ++........              (no amulet)
HPRegen 0.12/turn               g - ring of protection from cold
MPRegen 0.09/turn               h - +6 ring of dexterity

@: no status effects
A: fangs 1, strong nose, distributed training
a: no special abilities


You were on level 3 of the Dungeon.
You visited 1 branch of the dungeon, and saw 4 of its levels.

You collected 117 gold pieces.

Inventory:

Hand Weapons
 a - a +2 mace
Missiles
 f - 22 poisoned darts (quivered)
Armour
 c - a +0 robe (worn)
 e - a +0 pair of boots (worn)
Jewellery
 g - a ring of protection from cold (left hand)
 h - a +6 ring of dexterity (right hand)
 i - a ring of magical power
Scrolls
 b - 3 scrolls of teleportation
 k - 2 scrolls of vulnerability
 l - 2 scrolls of immolation {unknown}
Potions
 d - 2 potions of heal wounds {unknown}
 j - a potion of curing {unknown}
 m - 2 potions of might {unknown}


   Skills:
 + Level 4.6 Fighting
 + Level 1.2 Short Blades
 + Level 1.2 Long Blades
 + Level 1.2 Axes
 + Level 4.6 Maces & Flails
 + Level 1.2 Polearms
 + Level 1.2 Staves
 + Level 1.2 Slings
 + Level 1.2 Bows
 + Level 1.2 Crossbows
 + Level 1.2 Throwing
 + Level 2.8 Armour
 + Level 1.2 Dodging
 + Level 2.6 Stealth
 + Level 2.8 Shields
 + Level 6.6 Unarmed Combat
 + Level 1.2 Spellcasting
 + Level 1.0 Conjurations
 + Level 1.0 Hexes
 + Level 1.0 Summonings
 + Level 1.0 Necromancy
 + Level 1.0 Translocations
 + Level 1.0 Transmutations
 + Level 1.0 Fire Magic
 + Level 1.0 Ice Magic
 + Level 1.0 Air Magic
 + Level 1.0 Earth Magic
 + Level 1.0 Poison Magic
 + Level 1.3 Invocations
 + Level 1.2 Evocations


You had 4 spell levels left.
You knew the following spells:

 Your Spells              Type           Power      Damage    Failure   Level
a - Apportation           Tloc           4%         N/A       22%         1

Your spell library contained the following spells:

 Spells                   Type           Power      Damage    Failure   Level
 Poisonous Vapours        Pois/Air       4%         N/A       32%         2
 Ignite Poison            Fire/Tmut/Pois 2%         N/A       54%         3
 Borgnjor's Vile Clutch   Necr/Erth      1%         N/A       99%         5
 Simulacrum               Ice/Necr       1%         N/A       100%        6


Dungeon Overview and Level Annotations

Branches:
Dungeon (4/15)
 Temple: D:4-7

Altars:

Annotations:
D:3 exclusion: ice beast


Innate Abilities, Weirdness & Mutations

You have very sharp teeth.
Your uncanny sense of smell can sniff out nearby items.
Your experience applies equally to all skills.


Message History

Throw: 24 darts (poison)
Press: ? - help, Q - select action, (/) - cycle Shift-Dir - straight line, f - black bear
Aim: a black bear (heavily wounded, poisoned, 71% to hit)
You throw a poisoned dart. The poisoned dart hits the black bear.
The black bear looks even sicker.
The black bear is heavily wounded.
Throw: 23 darts (poison)
Press: ? - help, Q - select action, (/) - cycle Shift-Dir - straight line, f/p - black bear
Aim: a black bear (heavily wounded, very poisoned, 71% to hit)
You throw a poisoned dart. The poisoned dart hits the black bear.
The black bear looks even sicker.
The black bear is heavily wounded.
You completely miss the black bear.
You bite the black bear, but do no damage.
The black bear is severely wounded.
The black bear bites you! The black bear barely misses you.
The black bear closely misses you.
You barely miss the black bear.
The black bear is severely wounded.
The black bear bites you.
The black bear claws you but does no damage.
The black bear misses you.
You hit the black bear.
The black bear is severely wounded.
The black bear goes berserk!
You hit the black bear but do no damage.
The black bear is severely wounded.
The black bear bites you!
* * * LOW HITPOINT WARNING * * *
The black bear claws you but does no damage.
The black bear claws you.
* * * LOW HITPOINT WARNING * * *
You aren't carrying any items that you can evoke.
Okay, then.
The black bear bites you but does no damage.
The black bear claws you but does no damage.
The black bear claws you.
* * * LOW HITPOINT WARNING * * *
The black bear barely misses you. The black bear claws you.
You die...

###########################
..........................#
#########################.#
#.............#.#
########.###########.#.#
#......#.#.........#.#.#
#......#.#...@h..#.#.#.#
#......#.#######.#(#.#.#
#......#......##.#.#.#.#######
#......######.##†#.#.#........
#......# #.##(#.#.#.##..###
####......######...(#<...........
.....................h..).####...
#................####.....# #...
#.##############.# #.....####...


You could see a black bear (berserk, very poisoned).

Vanquished Creatures
  Jessica (D:3)
  An adder (D:2)
  A worm (D:3)
  A dart slug (D:2)
  7 endoplasms
  3 giant cockroaches
  5 goblins
  6 hobgoblins
  4 jackals (D:2)
  5 quokkas
  5 ball pythons
  2 bats
  2 frilled lizards (D:1)
  2 kobolds (D:1)
  2 rats (D:1)
47 creatures vanquished.

Notes
Turn   | Place    | Note
-------+----------+-------------------------------------------
     0 | D:1      | frimble the Gnoll Wanderer began the quest for the Orb.
     0 | D:1      | frimble set off with the following items: a +2 mace, 2
                  | scrolls of teleportation, a +0 robe
     0 | D:1      | Reached XP level 1. HP: 20/20 MP: 1/1
   389 | D:1      | Reached XP level 2. HP: 14/26 MP: 2/2
   923 | D:1      | Got the Tome of Virous Sinister Secrets
  1276 | D:2      | Reached XP level 3. HP: 26/31 MP: 3/3
  1640 | D:2      | Reached skill level 1 in Invocations
  2269 | D:3      | Reached skill level 1 in Short Blades
  2269 | D:3      | Reached skill level 1 in Long Blades
  2269 | D:3      | Reached skill level 1 in Axes
  2269 | D:3      | Reached skill level 1 in Polearms
  2269 | D:3      | Reached skill level 1 in Staves
  2269 | D:3      | Reached skill level 1 in Slings
  2269 | D:3      | Reached skill level 1 in Bows
  2269 | D:3      | Reached skill level 1 in Crossbows
  2269 | D:3      | Reached skill level 1 in Throwing
  2269 | D:3      | Reached skill level 1 in Dodging
  2269 | D:3      | Reached skill level 1 in Spellcasting
  2269 | D:3      | Reached skill level 1 in Evocations
  2517 | D:3      | Reached XP level 4. HP: 36/38 MP: 5/5
  2588 | D:3      | Noticed Jessica
  2609 | D:3      | Killed Jessica
  2610 | D:3      | Reached skill level 1 in Conjurations
  2610 | D:3      | Reached skill level 1 in Hexes
  2610 | D:3      | Reached skill level 1 in Summonings
  2610 | D:3      | Reached skill level 1 in Necromancy
  2610 | D:3      | Reached skill level 1 in Translocations
  2610 | D:3      | Reached skill level 1 in Transmutations
  2610 | D:3      | Reached skill level 1 in Fire Magic
  2610 | D:3      | Reached skill level 1 in Ice Magic
  2610 | D:3      | Reached skill level 1 in Air Magic
  2610 | D:3      | Reached skill level 1 in Earth Magic
  2610 | D:3      | Reached skill level 1 in Poison Magic
  2790 | D:3      | Got Jessica's Papyrus of the Traveller
  2808 | D:3      | Learned a level 1 spell: Apportation
  2827 | D:3      | Noticed an ice beast
  3346 | D:4      | Noticed a black bear
  3372 | D:3      | Slain by a black bear

Illustrated notes

Levels and vault maps discovered:
D:1:      dpeg_arrival_three_same_balls, layout_loops_ring
D:2:      layout_basic, solitary_fountain, minmay_misc_feat_enclosed
D:3:      layout_basic, grunt_temple_overflow_octagram, minivault_24,
          kennysheep_jessica_study
D:4:      layout_cave_pools, kennysheep_little_box, minmay_curled_crystal,
          hangedman_decor_push, uniq_sigmund

Skill      XL: |  1  2  3  4 |
---------------+-------------+-----
Invocations    | 1 |  1.3
Short Blades   | 1 |  1.2
Long Blades    | 1 |  1.2
Axes           | 1 |  1.2
Polearms       | 1 |  1.2
Staves         | 1 |  1.2
Slings         | 1 |  1.2
Bows           | 1 |  1.2
Crossbows      | 1 |  1.2
Throwing       | 1 |  1.2
Dodging        | 1 |  1.2
Spellcasting   | 1 |  1.2
Evocations     | 1 |  1.2
Conjurations   | 1 |  1.0
Hexes          | 1 |  1.0
Summonings     | 1 |  1.0
Necromancy     | 1 |  1.0
Translocations | 1 |  1.0
Transmutations | 1 |  1.0
Fire Magic     | 1 |  1.0
Ice Magic      | 1 |  1.0
Air Magic      | 1 |  1.0
Earth Magic    | 1 |  1.0
Poison Magic   | 1 |  1.0
Fighting       | |  4.6
Maces & Flails | |  4.6
Armour         | |  2.8
Stealth        | |  2.6
Shields        | |  2.8
Unarmed Combat | |  6.6

Action                   |  1- 3 |  4- 6 || total
-------------------------+-------+-------++-------
Melee: Unarmed           |   121 |    34 ||   155
       Bite              |    10 |     2 ||    12
       Punch             |     3 |       ||     3
Throw: Dart              |       |    10 ||    10
  Use: Scroll            |     2 |     2 ||     4
 Stab: Sleeping          |    10 |       ||    10
       Distracted        |     1 |       ||     1
Armor: Robe              |    21 |    11 ||    32
Dodge: Dodged            |    57 |    28 ||    85

Table legend: (Time is in decaauts)
 A = Elapsed time spent in this place.
 B = Non-inter-level travel time spent in this place.
 C = Inter-level travel time spent in this place.
 D = Time resting spent in this place.
 E = Time spent auto-exploring this place.
 F = Levels seen in this place.
 G = Mean time per level.
                   A        B        C        D        E       F      G
               +--------+--------+--------+--------+--------+-----+--------+
         Total |   3350 |   3267 |     83 |      0 |   2894 |   4 |  837.5 |
       Dungeon |   3350 |   3267 |     83 |      0 |   2894 |   4 |  837.5 |
               +--------+--------+--------+--------+--------+-----+--------+

Top non-repeatable levels by time:
     D:1: 1149 daAuts
     D:3: 1099 daAuts
     D:2: 1095 daAuts
     D:4: 6 daAuts
